 Dungeon Crawl Stone Soup version 0.29-a0-330-g52719c12eb (webtiles) character file.

Game seed: 10577597763993914463

503 Ajdolov the Quickloader (level 7, -3/40 (44) HPs)
             Began as a Kobold Hunter on Apr 21, 2022.
             Slain by a wight
             ... wielding a +4 battleaxe
              (13 damage)
             ... on level 3 of the Dungeon.
             The game lasted 00:05:30 (4011 turns).

Ajdolov the Quickloader (Kobold Hunter)             Turns: 4011, Time: 00:05:30

HP:   -3/40 (44)    AC:  4    Str:  8    XL:     7   Next: 40%
MP:   7/7           EV: 14    Int: 10    God:
Gold: 183           SH:  0    Dex: 21    Spells: 6/6 levels left

rFire   . . .      SeeInvis .   a - +1 hand crossbow
rCold   . . .      Faith    .   (no shield)
rNeg    . . .      Spirit   .   b - +0 leather armour
rPois   .          Reflect  .   g - +0 helmet
rElec   .          Harm     .   (no cloak)
rCorr   +          Rampage  .   (no gloves)
Will    .....                   (no boots)
Stlth   +++.......              (no amulet)
HPRegen 0.13/turn               q - ring of resist corrosion
MPRegen 0.10/turn               (no ring)

@: drained
A: small, no large weapons, nightstalker 3
a: no special abilities


You were on level 3 of the Dungeon.
You visited 1 branch of the dungeon, and saw 3 of its levels.

You collected 183 gold pieces.

Inventory:

Hand Weapons
 a - a +1 hand crossbow (weapon)
Missiles
 m - a throwing net
Armour
 b - a +0 leather armour (worn)
 g - a +0 helmet (worn)
Jewellery
 q - a ring of resist corrosion (left hand)
Scrolls
 c - a scroll of immolation
 e - 2 scrolls of identify {unknown}
 f - 5 scrolls of teleportation {unknown}
 i - a scroll of fog {unknown}
 k - a scroll of summoning {unknown}
 l - a scroll of acquirement {unknown}
 n - 2 scrolls of noise {unknown}
 p - a scroll of enchant weapon {unknown}
 r - a scroll of holy word {unknown}
 s - a scroll of enchant armour {unknown}
 t - 2 scrolls of amnesia {unknown}
Potions
 d - 2 potions of brilliance {unknown}
 h - a potion of degeneration {unknown}
 j - a potion of lignification {unknown}


   Skills:
 + Level 5.0 Fighting
 * Level 9.5 Crossbows
 - Level 2.4 Dodging
 - Level 1.3 Stealth


You had 6 spell levels left.
You didn't know any spells.
Your spell library was empty.

Dungeon Overview and Level Annotations

Branches:
Dungeon (3/15)

Altars:

Shops:
D:2 [


Innate Abilities, Weirdness & Mutations

You are small and have problems with some larger weapons.
You are completely attuned to the shadows.


Message History

Press: ? - help, Q - select action, (/) - cycle Shift-Dir - straight line, f/p - wight
Aim: a wight, wielding a +2 mace of draining and wearing a +0 robe (almost destroyed, 70% to hit)
You shoot a bolt. The bolt closely misses the wight.
The wight misses you.
Shoot: a) +1 hand crossbow
Press: ? - help, Q - select action, (/) - cycle Shift-Dir - straight line, f/p - wight
Aim: a wight, wielding a +2 mace of draining and wearing a +0 robe (almost destroyed, 70% to hit)
You shoot a bolt. The bolt hits the wight.
You destroy the wight!
Your Fighting skill increases to level 5!
You are too injured to fight recklessly!
p - a scroll labelled WAEW WIOSCHIE
Things that are here:
a +2 mace of draining; a +0 robe You start resting.
A wight is nearby!
A wight is nearby!
You shoot a bolt. The bolt hits the wight.
The wight is lightly damaged.
You shoot a bolt. The bolt hits the wight!
The wight is heavily damaged.
The wight attacks as you move away!
The wight hits you with a +4 battleaxe!!
* * * LOW HITPOINT WARNING * * *
The wight attacks as you move away! The wight misses you.
You are too injured to fight recklessly!
You feel better. The wight closely misses you.
You are too injured to fight recklessly!
Shoot: a) +1 hand crossbow
Press: ? - help, Q - select action, (/) - cycle Shift-Dir - straight line, f/p - wight
Aim: a wight, wielding a +4 battleaxe and wearing a +0 robe (heavily damaged, 70% to hit)
You shoot a bolt. The bolt hits the wight.
The wight is severely damaged.
The wight misses you.
Shoot: a) +1 hand crossbow
Press: ? - help, Q - select action, (/) - cycle Shift-Dir - straight line, f/p - wight
Aim: a wight, wielding a +4 battleaxe and wearing a +0 robe (severely damaged, 70% to hit)
You shoot a bolt. The bolt closely misses the wight.
The wight hits you with a +4 battleaxe!
You die...

......).................# #.#
........................# #z#
........................# #z#
.............<..?.......# #.#
....)...................####.##
.........................z...>#
................).......####.##
................z.......# #.#
................@.......# #.#
........................# #.#
........................# #.#
........................####.#
.............................#
........................######
PP......................#
........................#
.P..)...................#


You could see a wight.

Vanquished Creatures
  4 wights (D:3)
  A hound (D:3)
  A jelly (D:3)
  Robin (D:2)
  8 gnolls (D:2)
  6 adders
  A worm (D:2)
  8 endoplasms
  3 giant cockroaches
  12 goblins
  11 hobgoblins
  12 jackals
  3 quokkas
  5 ball pythons
  11 bats
  A frilled lizard (D:1)
  3 kobolds
  7 rats
98 creatures vanquished.

Vanquished Creatures (others)
  3 plants (D:3)
3 creatures vanquished.

Grand Total: 101 creatures vanquished

Notes
Turn   | Place    | Note
-------+----------+-------------------------------------------
     0 | D:1      | Ajdolov the Kobold Hunter began the quest for the Orb.
     0 | D:1      | Reached XP level 1. HP: 12/12 MP: 1/1
   100 | D:1      | Reached XP level 2. HP: 18/18 MP: 2/2
   382 | D:1      | Reached skill level 6 in Crossbows
   419 | D:1      | Reached XP level 3. HP: 22/22 MP: 3/3
   727 | D:1      | Found a faded altar of an unknown god.
  1262 | D:2      | Reached XP level 4. HP: 28/28 MP: 4/4
  1439 | D:2      | Reached skill level 7 in Crossbows
  1450 | D:2      | Reached XP level 5. HP: 23/32 MP: 5/5
  1920 | D:2      | Found Xodas's Armour Emporium.
  2361 | D:3      | Reached XP level 6. HP: 38/38 MP: 6/6
  2362 | D:3      | Noticed Robin
  2483 | D:2      | Reached skill level 8 in Crossbows
  2848 | D:2      | Killed Robin
  3445 | D:3      | Reached skill level 9 in Crossbows
  3445 | D:3      | Reached XP level 7. HP: 19/44 MP: 7/7
  3986 | D:3      | Reached skill level 5 in Fighting
  4011 | D:3      | Slain by a wight

Illustrated notes

Levels and vault maps discovered:
D:1:      sevenhm_arrival_forest_fort_large_2, layout_basic,
          chequers_ecumenical_altar_simple
D:2:      layout_rooms, serial_shops, shop, kennysheep_nub
D:3:      layout_basic, hex_medium, guppyfry_early_lair_pool, uniq_robin

Skill      XL: |  1  2  3  4  5  6  7 |
---------------+----------------------+-----
Crossbows      | 6 7 9 |  9.5
Fighting       | 3 4 5 |  5.0
Dodging        | |  2.4
Stealth        | |  1.3

Action                   |  1- 3 |  4- 6 |  7- 9 || total
-------------------------+-------+-------+-------++-------
 Fire: Hand crossbow     |    88 |   169 |    33 ||   290
  Use: Potion            |       |     4 |     1 ||     5
Armor: Leather armour    |     6 |    28 |     1 ||    35
Dodge: Dodged            |    22 |   129 |    16 ||   167

Table legend: (Time is in decaauts)
 A = Elapsed time spent in this place.
 B = Non-inter-level travel time spent in this place.
 C = Inter-level travel time spent in this place.
 D = Time resting spent in this place.
 E = Time spent auto-exploring this place.
 F = Levels seen in this place.
 G = Mean time per level.
                   A        B        C        D        E       F      G
               +--------+--------+--------+--------+--------+-----+--------+
         Total |   4069 |   3938 |    131 |    928 |   2358 |   3 | 1356.3 |
       Dungeon |   4069 |   3938 |    131 |    928 |   2358 |   3 | 1356.3 |
               +--------+--------+--------+--------+--------+-----+--------+

Top non-repeatable levels by time:
     D:1: 1535 daAuts
     D:2: 1347 daAuts
     D:3: 1186 daAuts
